 Dungeon Crawl Stone Soup version 0.31.0-4-g52a2dc7128 (webtiles) character file.

Game seed: 5337112188604421062

41 Arctor the Vexing (level 3, -10/20 HPs)
             Began as a Kobold Hexslinger on Jan 21, 2024.
             Mangled by a gnoll
             ... wielding a +0 halberd
              (12 damage)
             ... on level 2 of the Dungeon.
             The game lasted 00:00:42 (760 turns).

Arctor the Vexing (Kobold Hexslinger)                Turns: 760, Time: 00:00:42

Health: -10/20     AC:  3    Str:  5    XL:     3   Next: 75%
Magic:  1/5        EV: 15    Int: 14    God:
Gold:   80         SH:  0    Dex: 19    Spells: 3/5 levels left

rFire   . . .        a - +2 sling
rCold   . . .        (no shield)
rNeg    . . .        c - +0 robe
rPois   .            (no helmet)
rElec   .            (no cloak)
rCorr   .            (no gloves)
SInv    .            h - +0 pair of boots
Will    .....        (no amulet)
Stlth   +++          (no ring)
HPRegen 0.23/turn    (no ring)
MPRegen 0.09/turn

%: no passive effects
@: weak-willed, jinxed, very slightly contaminated
A: small, no large weapons, nightstalker 3
a: no special abilities


You were on level 2 of the Dungeon.
You visited 1 branch of the dungeon, and saw 2 of its levels.

You collected 80 gold pieces.

Inventory:

Hand Weapons
 a - a +2 sling (weapon)
Armour
 c - a +0 robe (worn)
 h - a +0 pair of boots (worn)
Scrolls
 b - 2 scrolls of poison
 i - a scroll of identify
 j - a scroll of fear {unknown}
Potions
 d - a potion of resistance {unknown}
 e - a potion of cancellation {unknown}
 f - a potion of heal wounds {unknown}
 g - a potion of mutation {unknown}
 k - a potion of might {unknown}


   Skills:
 + Level 1.5 Fighting
 + Level 3.2 Ranged Weapons
 + Level 3.0 Dodging
 + Level 1.5 Spellcasting
 + Level 3.2 Hexes
 + Level 1.6 Fire Magic


You had 3 spell levels left.
You knew the following spells:

 Your Spells              Type           Power      Damage    Failure   Level
a - Jinxbite              Hex            20%        N/A       10%         2

Your spell library contained the following spells:

 Spells                   Type           Power      Damage    Failure   Level
 Sigil of Binding         Hex            10%        N/A       21%         3
 Inner Flame              Hex/Fire       7%         N/A       28%         3
 Cause Fear               Hex            5%         N/A       54%         4
 Dimensional Bullseye     Hex/Tloc       2%         N/A       77%         4


Dungeon Overview and Level Annotations

Branches:
Dungeon (2/15)

Altars:


Innate Abilities, Weirdness & Mutations

You are small and have problems with some larger weapons.
You are completely attuned to the shadows.


Message History

You feel your willpower return.
An endoplasm comes into view.
You shoot a sling bullet. The endoplasm quivers.
The sling bullet hits the endoplasm but does no damage.
The endoplasm barely misses you.
An endoplasm is nearby!
You shoot a sling bullet. The sling bullet hits the endoplasm.
The endoplasm is almost dead.
You hear a shout!
The endoplasm misses you.
You hear a shout! x2
An endoplasm is nearby!
You shoot a sling bullet. The sling bullet hits the endoplasm!
You kill the endoplasm! 2 gnolls come into view.
Casting: Jinxbite (safe; 10% risk of failure)
Confirm with . or Enter, or press ? or * to list all spells.
You beckon some vexing sprites to accompany your attacks.
You feel your willpower being sapped.
A gnoll comes into view. It is wielding a +0 halberd.
There are monsters nearby!
Casting: Jinxbite (safe; 10% risk of failure)
Confirm with . or Enter, or press ? or * to list all spells.
You miscast Jinxbite.
You are very lightly contaminated with residual magic.
Nothing appears to happen.
The gnoll hits you with a +0 flail. The gnoll barely misses you.
You shoot a sling bullet.
The sling bullet barely misses the gnoll.
The gnoll closely misses you. The gnoll barely misses you.
You shoot a sling bullet.
The sling bullet barely misses the gnoll.
The gnoll barely misses you. The gnoll closely misses you.
The gnoll hits you from afar with a +0 halberd!
Ouch! That really hurt!
* * * LOW HITPOINT WARNING * * *
The gnoll hits you from afar with a +0 halberd!
Ouch! That really hurt!
You die...

##.####.# ####.#.
######.###### #.#.
.....†....# #..>
####.####.# ##.# #)#
#.# #.# #.# #.###
#.# #.# #.#.## #.#
#.# #..#.## #.#
#@####.###.## #.#
#.gg.....## ##.# #<#
.#.g......###.## #.#
#.######..#.######.#
.. #............#)#
#.##.....###<#.#
#.##.....###.#)#
#.#........#.#.#
#.#..~~~.......#


You could see 3 gnolls.

Vanquished Creatures
  A gnoll (D:2)
  5 ball pythons
  2 endoplasms
  3 giant cockroaches (D:1)
  2 hobgoblins (D:1)
  4 quokkas
  A frilled lizard (D:1)
  4 goblins
  5 kobolds
27 creatures vanquished.

Notes
Turn   | Place    | Note
-------+----------+-------------------------------------------
     0 | D:1      | Arctor the Kobold Hexslinger began the quest for the Orb.
     0 | D:1      | Reached XP level 1. HP: 12/12 MP: 2/2
    76 | D:1      | Reached XP level 2. HP: 16/16 MP: 3/3
   274 | D:1      | Reached XP level 3. HP: 20/20 MP: 4/4
   277 | D:1      | Learned a level 2 spell: Jinxbite
   760 | D:2      | Mangled by a gnoll

Illustrated notes

Levels and vault maps discovered:
D:1:      lemuel_arrival_behind_the_door_large, layout_rooms,
          minmay_heptomino_o4
D:2:      layout_loops_ring, shapermc_ecumenical_altar_rom_forum,
          serial_park_tiny_pond, dk_noncrumbling_4

Skill      XL: |  1  2  3 |
---------------+----------+-----
Ranged Weapons | 3 |  3.2
Dodging        | 3 |  3.0
Fighting       | |  1.5
Spellcasting   | |  1.5
Hexes          | |  3.2
Fire Magic     | |  1.6

Action                     || total
---------------------------++-------
   Fire: Sling             ||    79
   Cast: Jinxbite          ||     2
    Use: Scroll            ||     2
 Armour: Robe              ||    15
  Dodge: Dodged            ||    36
